 Dungeon Crawl Stone Soup version 0.20.1-1-g8b1a95d (webtiles) character file.

238 Monsterracer the Conjurer (level 5, -1/38 HPs)
             Began as a Draconian Conjurer on Aug 26, 2017.
             Killed from afar by Ijyb (8 damage)
             ... with a wand of flame (?/48)
             ... on level 3 of the Dungeon.
             The game lasted 00:07:17 (3144 turns).

Monsterracer the Conjurer (Draconian Conjurer)      Turns: 3144, Time: 00:07:18

Health: -1/38      AC:  6    Str: 10    XL:     5   Next: 78%
Magic:  0/10       EV: 12    Int: 17    God:
Gold:   184        SH:  0    Dex: 11    Spells: 3/10 levels left

rFire    . . .     SeeInvis +   i - -1 short sword (curse)
rCold    . . .     Gourm    .   (no shield)
rNeg     . . .     Faith    .   (armour unavailable)
rPois    .         Spirit   .   (helmet restricted)
rElec    .         Reflect  .   (no cloak)
rCorr    .         Harm     .   (no gloves)
MR       .....     Rnd*Tele +   k - +0 pair of boots
Stlth    ++........             (no amulet)
Regen    0.2/turn               m - ring of teleportation (curse)
MPRegen  0.2/turn               h - ring of see invisible

@: no status effects
A: unfitting armour, cold-blooded, AC +5
a: no special abilities


You were on level 3 of the Dungeon.
You were hungry.

You visited 1 branch of the dungeon, and saw 3 of its levels.

You collected 184 gold pieces.

Inventory:

Hand Weapons
 d - a +0 short sword
 i - a cursed -1 short sword (weapon)
Armour
 k - a +0 pair of boots (worn)
Jewellery
 h - a ring of see invisible (right hand)
 m - a cursed ring of teleportation (left hand)
Scrolls
 e - a scroll of teleportation
 f - 2 scrolls of magic mapping
 o - a scroll of remove curse {unknown}
Potions
 c - 2 potions of haste
 j - 2 potions of experience {unknown}
 l - a potion of heal wounds
 n - 2 potions of curing {unknown}
Books
 a - a book of Conjurations

   Spells                             Type                      Level
   a - Magic Dart                     Conjuration                  1
   b - Searing Ray                    Conjuration                  2
   c - Dazzling Spray                 Conjuration/Hexes            3
   d - Fulminant Prism                Conjuration/Hexes            4
   e - Force Lance                    Conjuration/Translocation    4
   f - Iskenderun's Mystic Blast      Conjuration                  4
Comestibles
 b - 3 bread rations
 g - a meat ration
 p - a chunk of flesh


   Skills:
 - Level 1.7 Dodging
 - Level 1.7 Stealth
 + Level 3.4 Spellcasting
 * Level 6.3 Conjurations


You had 3 spell levels left.
You knew the following spells:

 Your Spells              Type           Power        Failure   Level  Hunger
a - Magic Dart            Conj           ###.         1%          1    None
b - Searing Ray           Conj           ###...       1%          2    ##.....
c - Iskenderun's Mystic   Conj           ###.....     12%         4    ####...


Dungeon Overview and Level Annotations

Branches:
Dungeon (3/15)

Altars:
Uskayaw

Annotations:
D:3 Ijyb; Zedayar's ghost, amateur GrFi


Innate Abilities, Weirdness & Mutations

Your plain brown scales are hard. (AC +5)
You cannot fit into any form of body armour.
You are cold-blooded and may be slowed by cold attacks.


Message History

Ijyb is severely wounded.
Ijyb screams, "You nasty!
Big nasty!"
Ijyb hits you but does no damage.
You closely miss Ijyb.
Ijyb is severely wounded.
Ijyb closely misses you. Ijyb hits you but does no damage.
You barely miss Ijyb.
Ijyb is severely wounded.
Ijyb barely misses you.
You hit Ijyb but do no damage. You tail-slap Ijyb, but do no damage.
Ijyb is severely wounded.
Ijyb hits you with a dagger.
* * * LOW HITPOINT WARNING * * *
Damage: -3%(-1hp) hp: 19%(7hp) Unknown command.
Okay, then.
You hit Ijyb.
Ijyb is almost dead.
Ijyb zaps a wand.
The puff of flame hits you!
You die...

#. .# .# #.###.# ..#
...#.#g..g ....g..g.
#.g......
##########.##.....
#....(...#.....#
#.......g....[.#
#.†.##(@########
##.#..#.###
#.#..#...######
#..#.#........#
#....#........#
#....#........######
#....#.............#
#....#.........)...#
#....#.............#


You could see Ijyb.

Vanquished Creatures
  Natasha (D:3)
  Terence (D:2)
  6 gnolls
  4 adders
  2 oozes
  2 worms
  2 dart slugs (D:2)
  A leopard gecko (D:2)
  4 orcs (D:3)
  A ball python (D:1)
  6 bats
  A giant cockroach (D:2)
  5 goblins
  9 hobgoblins
  3 jackals (D:1)
  8 frilled lizards
  16 kobolds
  12 rats
84 creatures vanquished.

Notes
Turn   | Place    | Note
-------+----------+-------------------------------------------
     0 | D:1      | Monsterracer the Draconian Conjurer began the quest for the Orb.
     0 | D:1      | Reached XP level 1. HP: 14/14 MP: 3/3
   165 | D:1      | Reached XP level 2. HP: 18/20 MP: 0/5
   169 | D:1      | Learned a level 2 spell: Searing Ray
   899 | D:1      | Reached XP level 3. HP: 26/26 MP: 6/6
  1271 | D:2      | Noticed Terence
  1348 | D:2      | Killed Terence
  1348 | D:2      | Reached skill level 5 in Conjurations
  1432 | D:2      | Reached XP level 4. HP: 33/33 MP: 4/8
  1441 | D:2      | Learned a level 4 spell: Iskenderun's Mystic Blast
  1557 | D:2      | Found a hide-covered altar of Uskayaw.
  1557 | D:2      | Noticed a dagger
  1560 | D:2      | Noticed a dagger
  2235 | D:3      | Noticed Natasha
  2254 | D:3      | Killed Natasha
  2254 | D:3      | Reached XP level 5. HP: 28/38 MP: 0/9
  2454 | D:3      | HP: 15/38 [gnoll/whip (5)]
  2461 | D:2      | HP: 12/38 [gnoll/whip (4)]
  2502 | D:2      | HP: 12/38 [gnoll/whip (5)]
  2503 | D:2      | Reached skill level 6 in Conjurations
  2905 | D:3      | Noticed Zedayar's ghost (amateur GrFi)
  3117 | D:3      | Noticed Ijyb
  3138 | D:3      | HP: 11/38 [Ijyb/wand of flame (?/48) (10)]
  3143 | D:3      | HP: 7/38 [Ijyb/dagger (1)]
  3144 | D:3      | Killed from afar by Ijyb

Skill      XL: |  1  2  3  4  5 |
---------------+----------------+-----
Conjurations   | 5 6 |  6.3
Spellcasting   | 3 |  3.4
Dodging        | |  1.7
Stealth        | |  1.7

Action                   |  1- 3 |  4- 6 || total
-------------------------+-------+-------++-------
Melee: Short sword       |    55 |    90 ||   145
       Unarmed           |     5 |       ||     5
       Tailslap          |     6 |     5 ||    11
 Cast: Magic Dart        |    32 |    21 ||    53
       Searing Ray       |     5 |    14 ||    19
  Use: Scroll            |       |     7 ||     7
 Stab: Sleeping          |     1 |     3 ||     4
  Eat: Chunk             |     2 |     6 ||     8
Armor: Skin              |    18 |    45 ||    63
Dodge: Dodged            |    45 |   101 ||   146
